Map: Cactus Valley LE (Void)

Players

Musumeci - Winner!

  • Race: Zerg Zerg
  • League: Diamond
  • Spawn Location: 11:00

Stacklucker

  • Race: Protoss Protoss
  • League: Diamond
  • Spawn Location: 1:00

VOD

Have the link to the VOD?

Description

Time

  • Played on: Feb. 12, 2017, 12:24 p.m.
  • Length: 3:36
Show
View Real Time Build Order
Export as new Build Order

Musumeci Zerg - Winner!

Build Orders: Pool First 

Get SALT Encoding   

  12  0:01  Drone  
  13  0:08  Drone  
  14  0:17  Drone, Extractor  
  15  0:38  Spawning Pool  
  15  0:42  Overlord  
  14  1:11  Hatchery  
  13  1:28  Zergling x6  
  16  2:03  Zergling x2  
  16  2:04  Zergling x4  
  19  2:09  Extractor  
  19  2:19  Extractor  
  19  2:27  Queen  
  19  2:28  Zergling x2  
  21  2:36  Zergling x6  
  22  3:04  Zergling x6  
Show
View Real Time Build Order
Export as new Build Order

Stacklucker Protoss 

Build Orders:  

Get SALT Encoding   

  12  0:01  Probe (Chrono Boost)  
  13  0:11  Probe (Chrono Boost)  
  14  0:21  Pylon  
  14  0:22  Probe (Chrono Boost)  
  15  0:39  Probe (Chrono Boost)  
  16  0:49  Probe (Chrono Boost)  
  17  1:00  Probe (Chrono Boost)  
  18  1:09  Gateway  
  18  1:10  Probe (Chrono Boost)  
  19  1:19  Nexus  
  19  1:26  Assimilator  
  19  1:33  Pylon  
  19  1:34  Probe (Chrono Boost)  
  20  1:44  Assimilator  
  20  1:57  Cybernetics Core  
  20  1:58  Zealot  
  20  2:00  Pylon  
  22  2:20  Pylon  
  22  2:33  Gateway  
  24  2:37  Mothership Core (Chrono Boost)  
  24  2:43  Adept  
  22  2:51  Pylon  
  22  3:33  Pylon  
Tags
 
Add a new tag
Caveats
  • Supply blocks, unpowered buildings, or Contaminate may cause inaccurate times.
  • Supply counts are checked every 10 seconds.